AoeStats
← _Panelló

African Clearing

510717829Analyzed
3v3 RM · 1d ago on Oct 2, 2026· 56m 51s· 6 players
Game mode
Random Map
Map size
Normal (6 player)
Population
200
Speed
Normal
Resources
Standard
Victory
Conquest
Starting age
Dark Age
Ending age
Imperial Age
RankedLock teamsTeams togetherTeam positionsShared explorationLock speedFull tech treeHidden civsTurbo modeCheats
Victory
Defeat
🇨🇳 Franks · China
1175
+8
1131
+10
🇦🇺 Japanese · Australia
1100
+11
🇪🇸 Persians · Spain
1083
-13
🇪🇸 Saracens · Spain
1008
-10
🇪🇸 Huns · Spain
881
-6
古巴比伦掌管迷糊的神
6:14 Loom
16:01 Feudal Age
20:43 Castle Age
19:19 Double-Bit Axe
21:19 Bloodlines
21:35 Horse Collar
22:08 Bow Saw
28:07 Husbandry
29:16 Stone Mining
31:32 Light Cavalry
33:00 Heavy Plow
39:11 Imperial Age
37:20 Wheelbarrow
38:12 Gold Mining
38:50 Hand Cart
38:20 Town Watch
39:09 Scale Barding Armor
39:07 Scale Mail Armor
39:18 Forging
39:19 Winged Hussar
40:53 Crop Rotation
41:44 Conscription
42:13 Scale Barding Armor
41:42 Cavalier
42:51 Elite Obuch
45:07 Iron Casting
45:54 Chemistry
49:33 Masonry
49:30 Siege Engineers
49:07 Treadmill Crane
51:56 Chain Barding Armor
52:36 Blast Furnace
55:12 Town Patrol
56:30 Lechitic Legacy
57:31 Chain Mail Armor
showland_wolf
4:26 Loom
4:57 Loom
15:07 Feudal Age
16:28 Double-Bit Axe
19:18 Castle Age
21:55 Husbandry
21:52 Town Watch
29:27 Wheelbarrow
29:31 Fletching
30:17 Bow Saw
31:49 Forging
31:45 Scale Barding Armor
32:35 Hand Cart
35:16 Stone Mining
35:20 Gold Mining
38:30 Imperial Age
36:52 Chain Barding Armor
38:14 Iron Casting
37:41 Scale Mail Armor
37:04 Pikeman
37:51 Squires
38:50 Cavalier
40:30 Chivalry
40:51 Conscription
40:37 Halberdier
42:55 Gold Shaft Mining
46:36 Blast Furnace
45:52 Chain Mail Armor
46:12 Plate Barding Armor
45:34 Bodkin Arrow
49:08 Chemistry
48:14 Siege Engineers
49:57 Plate Mail Armor
49:41 Masonry
49:27 Murder Holes
49:53 Ballistics
49:55 Fortified Wall
49:40 Paladin
52:50 Arson
52:49 Treadmill Crane
53:40 Architecture
Starving Maggot
11:14 Loom
13:07 Feudal Age
13:52 Man-at-Arms
15:34 Arson
16:05 Double-Bit Axe
19:39 Castle Age
18:59 Scale Mail Armor
21:17 Forging
23:00 Fletching
23:23 Bloodlines
23:46 Horse Collar
24:13 Bodkin Arrow
25:07 Padded Archer Armor
26:11 Leather Archer Armor
27:20 Squires
27:06 Arson
27:54 Chain Mail Armor
28:16 Gold Mining
31:37 Husbandry
32:04 Ballistics
41:16 Imperial Age
40:18 Thumb Ring
44:42 Chemistry
43:49 Bracer
45:21 Heavy Cavalry Archer
46:37 Parthian Tactics
47:18 Ring Archer Armor
49:08 Plate Mail Armor
49:13 Iron Casting
49:14 Conscription
50:40 Bow Saw
50:33 Heavy Plow
_Panelló
4:24 Loom
17:01 Feudal Age
22:53 Castle Age
20:52 Horse Collar
20:59 Double-Bit Axe
22:38 Bloodlines
24:24 Bow Saw
25:12 Heavy Plow
25:15 Husbandry
27:27 Scale Barding Armor
27:33 Forging
30:53 Forging
36:43 Iron Casting
45:00 Gold Mining
52:56 Chain Barding Armor
58:26 Imperial Age
Padre Ataulfo Remy
3:26 Loom
13:11 Feudal Age
16:55 Castle Age
15:34 Double-Bit Axe
16:47 Loom
17:43 Wheelbarrow
17:41 Bow Saw
18:27 Horse Collar
19:45 Fletching
21:32 Bodkin Arrow
25:15 Town Watch
26:28 Hand Cart
34:01 Ballistics
33:52 Masonry
36:49 Imperial Age
34:42 Heavy Plow
34:48 Murder Holes
37:04 Scale Barding Armor
37:09 Forging
37:35 Conscription
37:26 Citadels
37:52 Hoardings
38:00 Bloodlines
38:17 Chain Barding Armor
38:37 Husbandry
37:58 Cavalier
39:20 Iron Casting
42:49 Plate Barding Armor
43:15 Blast Furnace
43:23 Blast Furnace
41:52 Savar
45:51 Chemistry
45:21 Architecture
51:37 Kamandaran
51:47 Crossbowman
52:33 Thumb Ring
fredyyy
16:39 Feudal Age
22:08 Castle Age
20:48 Bloodlines
21:05 Horse Collar
21:16 Double-Bit Axe
22:38 Scale Barding Armor
22:44 Forging
24:57 Loom
38:18 Padded Archer Armor
38:09 Fletching
42:32 Heavy Plow
43:50 Leather Archer Armor
44:12 Bodkin Arrow
47:25 Pikeman
50:42 Elite Skirmisher
54:20 Thumb Ring
Connection lost

Rejoining the realm…

Still unreachable

The connection could not be restored.

Session expired

The server has moved on; the page needs a fresh start.